 Dungeon Crawl Stone Soup version 0.30.1 (webtiles) character file.

Game seed: 10269810574164443499

88 cdecastro the Chopper (level 4, -2/41 HPs)
             Began as a Hill Orc Fighter on July 8, 2023.
             Was an Initiate of Makhleb.
             Slain by a gnoll
             ... wielding a +0 spear
              (8 damage)
             ... on level 3 of the Dungeon.
             The game lasted 00:03:08 (2094 turns).

cdecastro the Chopper (Hill Orc Fighter)            Turns: 2094, Time: 00:03:09

Health: -2/41      AC: 10    Str: 20    XL:     4   Next: 53%
Magic:  4/4        EV:  9    Int:  8    God:    Makhleb [......]
Gold:   76         SH:  4    Dex: 10    Spells: 3/3 levels left

rFire   . . .        a - +0 war axe
rCold   . . .        c - +0 buckler
rNeg    . . .        b - +0 scale mail
rPois   .            (no helmet)
rElec   .            (no cloak)
rCorr   .            m - +2 pair of gloves
SInv    .            (no boots)
Will    .....        (no amulet) Stlth
                     (no ring)
HPRegen 0.26/turn    (no ring)
MPRegen 0.09/turn

%: no passive effects
@: mighty
A: no striking features
a: Renounce Religion


You were on level 3 of the Dungeon.
You worshipped Makhleb.
Makhleb was noncommittal.
You visited 1 branch of the dungeon, and saw 3 of its levels.

You collected 76 gold pieces.

Inventory:

Hand Weapons
 a - a +0 war axe (weapon)
Armour
 b - a +0 scale mail (worn)
 c - a +0 buckler (worn)
 m - a +2 pair of gloves (worn)
Scrolls
 e - a scroll of enchant weapon {unknown}
 f - 2 scrolls of teleportation {unknown}
 h - 2 scrolls of immolation {unknown}
 j - 4 scrolls of vulnerability {unknown}
 l - a scroll of identify {unknown}
 n - a scroll of blinking {unknown}
 p - a scroll of magic mapping {unknown}
 q - a scroll of summoning {unknown}
Potions
 d - a potion of might
 g - a potion of flight {unknown}
 i - a potion of brilliance {unknown}
 o - a potion of curing {unknown}
 r - a potion of resistance {unknown}


   Skills:
 + Level 4.6 Fighting
 * Level 5.3 Axes
 - Level 3.2 Armour
 - Level 3.2 Shields


You had 3 spell levels left.
You didn't know any spells.
Your spell library was empty.

Dungeon Overview and Level Annotations

Branches:
Dungeon (3/15)

Altars:
Makhleb


Message History

The orc is severely wounded.
The gnoll closely misses you. The orc hits you but does no damage.
Unknown command.
You slash the orc!
You kill the orc!
Makhleb accepts your kill. The gnoll hits you but does no damage.
The adder barely misses you.
Unknown command.
You closely miss the adder. The adder closely misses you.
The gnoll hits you from afar with a +0 spear.
Unknown command.
You barely miss the adder. The adder bites you. The gnoll closely misses you.
The adder bites you but does no damage. The gnoll hits you but does no damage.
Unknown command.
You miss the adder. The adder misses you.
The gnoll hits you but does no damage.
Unknown command.
You closely miss the adder. The adder bites you but does no damage.
The gnoll barely misses you. The adder closely misses you.
Unknown command.
You slash the adder!
You kill the adder!
Makhleb accepts your kill.
The gnoll hits you from afar with a +0 spear.
* * * LOW HITPOINT WARNING * * *
Unknown command.
You closely miss the orc. The orc barely misses you.
The gnoll hits you from afar with a +0 spear.
* * * LOW HITPOINT WARNING * * *
The gnoll hits you from afar with a +0 spear!
* * * LOW HITPOINT WARNING * * *
The orc hits you with a +0 short sword.
* * * LOW HITPOINT WARNING * * *
You barely miss the orc. The orc barely misses you.
The gnoll hits you from afar with a +0 spear.
* * * LOW HITPOINT WARNING * * *
Unknown command.
You closely miss the orc. You block the orc's attack.
The gnoll hits you from afar with a +0 spear!
You die...

..... .... ####
##o.#### ...#
...$... ..#
.o..##..#
#.....####
#..#.....#..
..#######.........[
..ggJg)@o.>?.#####
..o#######...#
#<#:# #.#..#
..##... $### ###.
#. . #


You could see 3 gnolls, 2 orcs and an endoplasm.

Vanquished Creatures
  A gnoll (D:3)
  2 adders (D:3)
  3 worms (D:2)
  2 dart slugs (D:1)
  An orc (D:3)
  7 bats
  4 endoplasms
  4 giant cockroaches
  4 hobgoblins
  2 jackals (D:2)
  6 kobolds
  2 ball pythons
  2 frilled lizards (D:1)
  A goblin (D:1)
  A rat (D:1)
42 creatures vanquished.

Notes
Turn   | Place    | Note
-------+----------+-------------------------------------------
     0 | D:1      | cdecastro the Hill Orc Fighter began the quest for the Orb.
     0 | D:1      | Reached XP level 1. HP: 19/19 MP: 1/1
    36 | D:1      | Reached skill level 3 in Axes
    80 | D:1      | Reached XP level 2. HP: 19/27 MP: 2/2
   465 | D:1      | Reached skill level 4 in Axes
   510 | D:1      | Reached XP level 3. HP: 32/33 MP: 3/3
   914 | D:2      | Found a burning altar of Makhleb.
   975 | D:2      | Became a worshipper of Makhleb the Destroyer
  2080 | D:3      | Reached XP level 4. HP: 17/41 MP: 4/4
  2081 | D:3      | Reached skill level 5 in Axes
  2083 | D:3      | HP: 2/41 [gnoll/+0 spear (5)]
  2094 | D:3      | Slain by a gnoll

Illustrated notes

Levels and vault maps discovered:
D:1:      matt_arrival_refuge, layout_rooms, chequers_arboretum, hex_large,
          hangedman_decor_push
D:2:      layout_loops_ring, serial_co_window_serial, co_window_paths_a,
          co_window_of_opportunity_a, co_window_cross_1, co_window_corner_a,
          co_window_paths_b, co_window_2corner, co_window_broadway_b,
          co_window_2corner, co_window_of_opportunity_b, co_window_paths_c,
          co_window_broadway_b, co_window_corner_cb, basic_altar,
          serial_bayou_pond_a
D:3:      layout_rooms

Skill      XL: |  1  2  3  4 |
---------------+-------------+-----
Axes           | 3 4 5 |  5.3
Fighting       | 4 |  4.6
Armour         | |  3.2
Shields        | |  3.2

Action                     |  1- 3 |  4- 6 || total
---------------------------+-------+-------++-------
  Melee: War axe           |   132 |    14 ||   146
    Use: Potion            |     2 |     1 ||     3
 Armour: Scale mail        |    93 |     8 ||   101
  Dodge: Dodged            |    67 |    14 ||    81
  Block: Buckler           |    33 |     2 ||    35
